 Dungeon Crawl Stone Soup version 0.21.1-1-g345015f (webtiles) character file.

61 inc the Sneak (level 4, -1/27 HPs)
             Began as an Octopode Enchanter on Apr 23, 2018.
             Slain by Natasha (5 damage)
             ... on level 2 of the Dungeon.
             The game lasted 00:01:30 (1562 turns).

inc the Sneak (Octopode Enchanter)                  Turns: 1562, Time: 00:01:30

Health: -1/27      AC:  1    Str:  7    XL:     4   Next: 7%
Magic:  7/7        EV: 13    Int: 18    God:
Gold:   108        SH:  0    Dex: 12    Spells: 6/7 levels left

rFire    . . .     SeeInvis .   a - +1 dagger
rCold    . . .     Gourm    .   (no shield)
rNeg     . . .     Faith    .   (helmet restricted)
rPois    .         Spirit   .   (no amulet)
rElec    .         Reflect  .   (no ring)
rCorr    .         Harm     .   (no ring)
MR       .....                  (no ring)
Stlth    +++.......             (no ring)
HPRegen  0.09/turn              (no ring)
MPRegen  0.10/turn              (no ring)
                                (no ring)
                                (no ring)

@: lethally poisoned (-1 -> -4)
A: almost no armour, stealthy swim, amphibious, 8 rings, constrict 8, camouflage
1, gelatinous body 1
a: no special abilities


You were on level 2 of the Dungeon.
You were not hungry.

You visited 1 branch of the dungeon, and saw 2 of its levels.

You collected 108 gold pieces.

Inventory:

Hand Weapons
 a - a +1 dagger (weapon)
Scrolls
 d - 3 scrolls of fog {unknown}
 f - 2 scrolls of remove curse {unknown}
 g - a scroll of teleportation {unknown}
 h - a scroll of blinking {unknown}
 i - a scroll of identify {unknown}
Potions
 e - 2 potions of might {unknown}
 j - 2 potions of flight {unknown}
Books
 b - a book of Maledictions

   Spells                             Type                      Level
   a - Corona                         Hexes                        1
   b - Ensorcelled Hibernation        Hexes/Ice                    2
   c - Confuse                        Hexes                        3
   d - Tukima's Dance                 Hexes                        3
   e - Dazzling Spray                 Conjuration/Hexes            3
Comestibles
 c - 3 rations
 k - a chunk of flesh


   Skills:
 + Level 3.8 Short Blades
 - Level 2.0 Dodging
 - Level 4.0 Stealth
 - Level 2.0 Spellcasting
 - Level 3.0 Hexes


You had 6 spell levels left.
You knew the following spells:

 Your Spells              Type           Power        Failure   Level  Hunger
a - Corona                Hex            ##.....      5%          1    #......


Dungeon Overview and Level Annotations

Branches:
Dungeon (2/15)

Altars:

Annotations:
D:2 Natasha, Sigmund


Innate Abilities, Weirdness & Mutations

You cannot wear most types of armour.
You are very stealthy in the water. (Stealth+)
You are amphibious.
You can wear up to eight rings at the same time.
You can use your tentacles to constrict eight enemies at once.
Your skin changes colour to match your surroundings (Stealth+).
Your rubbery body absorbs attacks. (AC +1, EV +1)


Message History

The crimson imp barely misses you.
You hit the crimson imp.
The crimson imp is moderately wounded.
You constrict the crimson imp. The crimson imp puffs mist at you.
The crimson imp completely misses you.
You barely miss the crimson imp.
You squeeze the crimson imp, but do no damage.
The crimson imp is moderately wounded.
You constrict the crimson imp.
You feel sick. The shadow imp puffs mist at you.
You hit the crimson imp but do no damage.
The crimson imp is heavily wounded.
You constrict the crimson imp.
The crimson imp blinks free!
The crimson imp blinks!
You closely miss Natasha. Your grab misses Natasha. Natasha barely misses you.
The crimson imp blinks!
You barely miss Natasha. Your grab misses Natasha.
You feel sick. Natasha claws you.
You die...

########.##.#
...#######....
#.##.# ##.
#####
#.##.########
##'##........#
#......##....#
#...#.###....#
#...#........#
#...######'#.#
. #...#
#@#.##5. #...#
####h#.....
#...#
#....5..##.
#...#
#.......''..
#...#
#..†....##..
#####
#....§..#
#.......#
........#
...#######


You could see Natasha and a shadow imp.

Vanquished Creatures
  Natasha (D:2)
  2 adders (D:2)
  A dart slug (D:2)
  5 hobgoblins
  3 bats
  3 frilled lizards
  4 kobolds
19 creatures vanquished.

Notes
Turn   | Place    | Note
-------+----------+-------------------------------------------
     0 | D:1      | inc the Octopode Enchanter began the quest for the Orb.
     0 | D:1      | Reached XP level 1. HP: 11/11 MP: 3/3
   528 | D:1      | Reached XP level 2. HP: 10/17 MP: 5/5
  1220 | D:2      | Noticed Sigmund
  1256 | D:2      | Noticed Natasha
  1260 | D:2      | Noticed a crimson imp
  1267 | D:2      | Killed Natasha
  1267 | D:2      | Reached XP level 3. HP: 4/21 MP: 6/6
  1431 | D:2      | Noticed Natasha
  1548 | D:2      | Reached XP level 4. HP: 15/27 MP: 7/7
  1562 | D:2      | Slain by Natasha

Skill      XL: |  1  2 |
---------------+-------+-----
Short Blades   | 2 3 |  3.8
Dodging        | |  2.0
Stealth        | |  4.0
Spellcasting   | |  2.0
Hexes          | |  3.0

Action                   |  1- 3 |  4- 6 || total
-------------------------+-------+-------++-------
Melee: Dagger            |    48 |    11 ||    59
       Constrict         |    10 |     2 ||    12
       Tentacles         |     9 |     1 ||    10
 Stab: Sleeping          |     5 |       ||     5
  Eat: Chunk             |     2 |       ||     2
Armor: Skin              |     6 |     2 ||     8
Dodge: Dodged            |    28 |     3 ||    31
